General information
- name: BNet
- type: Ladder team game (AT/RT)
- host: Battle.net
- saver: GoToYurup
map: SilverpineForest
- players: 6
- length: 116:43
- speed: Fast
- version: 1.26 W3XP
- replay type: Public
» download(579 KB)
Players
team 1 (loser)
7rainyDays (
yellow | 23 APM | 2705 actions | 116:33)
5 Blademaster
3 Wind Walk
2 Critical Strike
1 Mountain King
1 Bash
» actions
| Assign group hotkey | 55 | |
| Basic commands | 29 | |
| Build / train | 57 | |
| ESC pressed | 4 | |
| Enter build submenu | 22 | |
| Enter hero's abilities submenu | 6 | |
| Right click | 1414 | |
| Select / deselect | 461 | |
| Select group hotkey | 554 | |
| Use ability | 103 | |
2705 total
» units
| Peon | 9 | |
| Grunt | 6 | |
| Troll Headhunter/Berserker | 3 | |
| Demolisher | 5 | |
| Shaman | 4 | |
27 total
» upgrades
| Burning Oil | 1 | |
| Berserker Upgrade | 1 | |
| Shaman Training | 2 | |
| Reinforced Defenses | 1 | |
5 total
» buildings
| Altar of Storms | 1 | |
| Orc Burrow | 8 | |
| Voodoo Lounge | 2 | |
| Barracks | 2 | |
| Stronghold | 1 | |
| War Mill | 2 | |
| Fortress | 1 | |
| Spirit Lodge | 1 | |
| Great Hall | 1 | |
| Watch Tower | 4 | |
23 total
» build order
00:05 Altar of Storms
00:18 Orc Burrow
00:50 Voodoo Lounge
01:18 Barracks
01:43 Orc Burrow
03:21 Stronghold
05:51 Orc Burrow
06:14 War Mill
06:49 Barracks
06:51 Fortress
08:10 Spirit Lodge
12:04 Orc Burrow
12:05 Orc Burrow
14:15 Orc Burrow
25:53 Voodoo Lounge
30:31 Great Hall
36:06 War Mill
36:08 Orc Burrow
36:08 Orc Burrow
47:21 Watch Tower
47:23 Watch Tower
51:13 Watch Tower
51:14 Watch Tower
» items
| Healing Salve | 4 | |
| Lesser Clarity Potion | 6 | |
| Scroll of Speed | 1 | |
| Boots of Speed | 1 | |
| Staff of Teleportation | 1 | |
| Orb of Lightning | 1 | |
| Potion of Healing | 2 | |
16 total
Sithdeluxe (
teal | 21 APM | 1607 actions | 77:07)
5 Archmage
2 Summon Water Elemental
3 Brilliance Aura
» actions
| Assign group hotkey | 54 | |
| Build / train | 117 | |
| Enter build submenu | 54 | |
| Enter hero's abilities submenu | 6 | |
| Give item / drop item | 2 | |
| Right click | 564 | |
| Select / deselect | 402 | |
| Select group hotkey | 312 | |
| Use ability | 96 | |
1607 total
» units
| Peasant | 17 | |
| Knight | 16 | |
| Dragonhawk Rider | 14 | |
| Gryphon Rider | 11 | |
58 total
» upgrades
| Plating | 3 | |
| Swords | 3 | |
| Masonry | 3 | |
| Animal War Training | 1 | |
| Lumber Harvesting | 2 | |
| Cloud | 1 | |
| Magic Sentry | 1 | |
14 total
» buildings
| Altar of Kings | 1 | |
| Farm | 12 | |
| Lumber Mill | 1 | |
| Scout Tower | 27 | |
| Guard Tower | 26 | |
| Keep | 1 | |
| Barracks | 2 | |
| Blacksmith | 1 | |
| Castle | 1 | |
| Arcane Vault | 2 | |
| Town Hall | 1 | |
| Gryphon Aviary | 1 | |
| Arcane Tower | 2 | |
| Arcane Sanctum | 1 | |
79 total
» build order
00:23 Altar of Kings
00:28 Farm
01:15 Farm
01:20 Lumber Mill
02:37 Scout Tower
03:06 Guard Tower
03:38 Scout Tower
04:13 Guard Tower
04:25 Keep
04:31 Barracks
04:44 Blacksmith
05:41 Scout Tower
06:00 Farm
06:23 Guard Tower
06:27 Farm
06:54 Barracks
07:00 Farm
07:16 Farm
07:40 Farm
07:59 Farm
08:02 Castle
08:20 Farm
09:31 Farm
09:45 Farm
10:01 Arcane Vault
10:27 Farm
18:09 Town Hall
18:42 Scout Tower
18:46 Scout Tower
18:50 Scout Tower
18:52 Scout Tower
18:55 Scout Tower
18:58 Scout Tower
19:03 Scout Tower
19:06 Scout Tower
19:08 Scout Tower
19:23 Guard Tower
19:24 Guard Tower
19:26 Guard Tower
19:29 Scout Tower
19:47 Guard Tower
19:48 Guard Tower
19:49 Guard Tower
19:51 Guard Tower
19:52 Guard Tower
19:58 Guard Tower
20:05 Guard Tower
25:42 Gryphon Aviary
26:25 Scout Tower
26:29 Scout Tower
26:30 Scout Tower
26:34 Scout Tower
26:59 Guard Tower
27:02 Scout Tower
27:04 Guard Tower
27:07 Scout Tower
27:08 Guard Tower
27:09 Guard Tower
27:10 Guard Tower
27:13 Scout Tower
27:17 Scout Tower
27:37 Guard Tower
27:39 Scout Tower
28:38 Guard Tower
29:15 Guard Tower
29:16 Guard Tower
29:58 Arcane Vault
30:16 Guard Tower
31:05 Scout Tower
31:33 Guard Tower
36:22 Scout Tower
36:31 Scout Tower
37:04 Guard Tower
37:07 Guard Tower
37:12 Scout Tower
37:36 Scout Tower
37:50 Arcane Tower
38:08 Arcane Tower
40:45 Arcane Sanctum
» items
| Potion of Lesser Invulnerability | 2 | |
| Potion of Healing | 3 | |
| Scroll of Town Portal | 2 | |
| Orb of Fire | 1 | |
| Potion of Mana | 1 | |
9 total
Sithsidius (
orange | 35 APM | 4046 actions | 116:33)
6 Archmage
3 Summon Water Elemental
2 Brilliance Aura
1 Mass Teleport
4 Paladin
2 Holy Light
2 Divine Shield
2 Mountain King
1 Storm Bolt
1 Bash
» actions
| Assign group hotkey | 50 | |
| Basic commands | 4 | |
| Build / train | 151 | |
| Enter build submenu | 51 | |
| Enter hero's abilities submenu | 13 | |
| Give item / drop item | 1 | |
| Remove unit from queue | 1 | |
| Right click | 1659 | |
| Select / deselect | 837 | |
| Select group hotkey | 1087 | |
| Use ability | 192 | |
4046 total
» units
| Peasant | 15 | |
| Footman | 3 | |
| Rifleman | 20 | |
| Priest | 10 | |
| Mortar Team | 6 | |
| Siege Engine | 15 | |
| Gryphon Rider | 9 | |
78 total
» upgrades
| Gunpowder | 3 | |
| Long Rifles | 1 | |
| Armor | 3 | |
| Priest Training | 2 | |
| Magic Sentry | 1 | |
| Fragmentation Shards | 1 | |
| Plating | 3 | |
| Sorceress Training | 1 | |
| Flare | 1 | |
| Barrage | 1 | |
| Masonry | 3 | |
20 total
» buildings
| Barracks | 1 | |
| Altar of Kings | 1 | |
| Farm | 13 | |
| Blacksmith | 1 | |
| Keep | 2 | |
| Arcane Sanctum | 1 | |
| Town Hall | 4 | |
| Scout Tower | 82 | |
| Arcane Tower | 3 | |
| Lumber Mill | 1 | |
| Castle | 2 | |
| Arcane Vault | 1 | |
| Guard Tower | 22 | |
| Workshop | 2 | |
136 total
» build order
00:10 Barracks
00:15 Altar of Kings
00:24 Farm
01:04 Farm
01:59 Blacksmith
02:47 Farm
03:33 Farm
03:36 Keep
04:13 Farm
05:00 Farm
05:49 Farm
06:35 Arcane Sanctum
07:43 Town Hall
08:17 Scout Tower
08:19 Scout Tower
09:19 Arcane Tower
11:15 Lumber Mill
11:33 Farm
11:34 Farm
11:35 Farm
13:25 Castle
18:49 Farm
18:51 Farm
19:21 Town Hall
20:38 Town Hall
22:06 Town Hall
23:28 Arcane Tower
23:55 Arcane Vault
24:03 Keep
25:03 Scout Tower
25:29 Scout Tower
25:29 Scout Tower
25:31 Scout Tower
25:31 Scout Tower
25:36 Guard Tower
26:35 Workshop
26:38 Castle
27:32 Guard Tower
27:49 Farm
36:04 Scout Tower
36:05 Scout Tower
36:06 Scout Tower
36:07 Scout Tower
36:08 Scout Tower
37:37 Guard Tower
38:06 Scout Tower
38:08 Arcane Tower
38:44 Workshop
40:27 Guard Tower
45:55 Scout Tower
45:56 Scout Tower
45:57 Scout Tower
46:01 Scout Tower
46:02 Scout Tower
46:03 Scout Tower
46:05 Scout Tower
46:07 Scout Tower
47:14 Guard Tower
47:23 Scout Tower
47:24 Scout Tower
47:26 Scout Tower
47:27 Scout Tower
47:28 Scout Tower
48:56 Guard Tower
50:30 Guard Tower
51:03 Scout Tower
52:12 Scout Tower
52:13 Scout Tower
52:15 Scout Tower
52:16 Scout Tower
52:18 Scout Tower
52:20 Scout Tower
53:02 Guard Tower
53:05 Scout Tower
53:40 Guard Tower
55:39 Guard Tower
55:43 Scout Tower
55:44 Scout Tower
56:42 Scout Tower
56:43 Scout Tower
56:43 Scout Tower
56:43 Scout Tower
56:44 Scout Tower
56:44 Scout Tower
56:44 Scout Tower
56:46 Scout Tower
56:46 Scout Tower
56:46 Scout Tower
56:51 Guard Tower
56:56 Scout Tower
56:57 Scout Tower
56:57 Scout Tower
57:42 Scout Tower
57:43 Scout Tower
57:44 Scout Tower
57:45 Scout Tower
57:47 Scout Tower
57:48 Scout Tower
57:53 Guard Tower
58:37 Guard Tower
58:59 Scout Tower
59:02 Scout Tower
59:03 Scout Tower
59:04 Scout Tower
59:05 Scout Tower
59:55 Guard Tower
61:19 Guard Tower
61:32 Scout Tower
61:36 Scout Tower
61:37 Scout Tower
61:38 Scout Tower
61:40 Scout Tower
61:41 Scout Tower
61:51 Guard Tower
63:17 Guard Tower
63:40 Guard Tower
64:58 Guard Tower
65:18 Scout Tower
65:19 Scout Tower
65:22 Scout Tower
65:23 Scout Tower
65:25 Scout Tower
65:26 Scout Tower
66:41 Guard Tower
68:45 Guard Tower
68:53 Scout Tower
68:55 Scout Tower
68:56 Scout Tower
68:57 Scout Tower
68:58 Scout Tower
69:00 Scout Tower
69:02 Scout Tower
69:03 Scout Tower
69:04 Scout Tower
69:06 Scout Tower
74:15 Guard Tower
» items
| Ring of Protection +2 | 1 | |
| Scroll of Town Portal | 2 | |
| Potion of Lesser Invulnerability | 3 | |
| Potion of Healing | 1 | |
| Periapt of Vitality | 1 | |
8 total
team 2 (winner)
AngryAtTyler (
pink | 67 APM | 7860 actions | 116:33)
7 Warden
3 Shadow Strike
3 Blink
1 Spirit of Vengeance
5 Pandaren Brewmaster
2 Breath of Fire
1 Drunken Haze
1 Drunken Brawler
1 Storm Earth and Fire
» actions
| Assign group hotkey | 19 | |
| Basic commands | 239 | |
| Build / train | 105 | |
| ESC pressed | 4 | |
| Enter build submenu | 26 | |
| Enter hero's abilities submenu | 12 | |
| Give item / drop item | 16 | |
| Right click | 4619 | |
| Select / deselect | 679 | |
| Select group hotkey | 1467 | |
| Use ability | 673 | |
7860 total
» units
» upgrades
| Nature's Blessing | 1 | |
| Ultravision | 1 | |
| Well Spring | 1 | |
| Corrosive Breath | 1 | |
4 total
» buildings
| Altar of Elders | 2 | |
| Moon Well | 18 | |
| Tree of Ages | 2 | |
| Tree of Life | 4 | |
| Hunter's Hall | 1 | |
| Tree of Eternity | 1 | |
| Ancient of Wind | 1 | |
| Ancient of Wonders | 2 | |
| Chimaera Roost | 2 | |
33 total
» build order
00:07 Altar of Elders
00:10 Moon Well
01:28 Moon Well
04:08 Moon Well
04:08 Moon Well
04:13 Moon Well
04:13 Moon Well
05:41 Moon Well
07:05 Tree of Ages
07:06 Tree of Ages
07:27 Tree of Life
08:56 Hunter's Hall
09:28 Tree of Eternity
09:59 Moon Well
10:00 Moon Well
10:02 Ancient of Wind
13:10 Ancient of Wonders
18:05 Altar of Elders
18:13 Chimaera Roost
18:14 Chimaera Roost
18:43 Moon Well
23:12 Tree of Life
31:18 Tree of Life
31:28 Tree of Life
35:30 Moon Well
35:30 Moon Well
35:31 Moon Well
35:32 Moon Well
35:33 Moon Well
35:36 Moon Well
35:37 Moon Well
35:38 Moon Well
52:03 Ancient of Wonders
» items
| Staff of Teleportation | 2 | |
| Boots of Speed | 2 | |
| Dust of Appearance | 1 | |
| Orb of Venom | 1 | |
| Legion Doom-Horn | 1 | |
| Staff of Sanctuary | 2 | |
| Orb of Lightning | 1 | |
| Lesser Clarity Potion | 1 | |
| Replenishment Potion | 1 | |
| Khadgar's Gem of Health | 1 | |
| Medallion of Courage | 1 | |
| Pendant of Mana | 1 | |
15 total
GoToYurup (
red | 79 APM | 9182 actions | 116:43)
10 Blademaster
3 Wind Walk
3 Critical Strike
1 Bladestorm
3 Mirror Image
4 Pit Lord
2 Rain of Fire
1 Howl of Terror
1 Cleaving Attack
1 Pandaren Brewmaster
1 Breath of Fire
» actions
| Assign group hotkey | 554 | |
| Basic commands | 521 | |
| Build / train | 144 | |
| ESC pressed | 2 | |
| Enter build submenu | 109 | |
| Enter hero's abilities submenu | 15 | |
| Give item / drop item | 37 | |
| Remove unit from queue | 1 | |
| Right click | 4607 | |
| Select / deselect | 1646 | |
| Select group hotkey | 812 | |
| Use ability | 732 | |
9182 total
» units
| Peon | 20 | |
| Troll Batrider | 16 | |
| Goblin Shredder | 15 | |
| Demolisher | 8 | |
| Goblin Zeppelin | 6 | |
65 total
» upgrades
| Ranged Weapons | 3 | |
| Spiked Barricades | 3 | |
| Reinforced Defenses | 1 | |
| Liquid Fire | 1 | |
| Armor | 3 | |
| Burning Oil | 1 | |
12 total
» buildings
| Altar of Storms | 1 | |
| Orc Burrow | 8 | |
| War Mill | 7 | |
| Watch Tower | 55 | |
| Stronghold | 2 | |
| Voodoo Lounge | 4 | |
| Fortress | 2 | |
| Beastiary | 2 | |
| Great Hall | 1 | |
| Barracks | 10 | |
92 total
» build order
00:02 Altar of Storms
00:07 Orc Burrow
00:24 War Mill
01:36 Watch Tower
01:45 Orc Burrow
02:12 Watch Tower
02:40 Watch Tower
03:13 Watch Tower
03:25 Watch Tower
03:54 Stronghold
04:12 Watch Tower
04:20 Voodoo Lounge
04:24 Watch Tower
04:48 Watch Tower
05:16 Watch Tower
05:20 Watch Tower
05:29 Watch Tower
05:41 Voodoo Lounge
06:03 Watch Tower
06:44 Fortress
06:45 Fortress
06:52 Watch Tower
06:53 Watch Tower
06:56 Beastiary
06:57 Beastiary
07:30 Great Hall
08:00 Watch Tower
08:01 Watch Tower
08:05 Orc Burrow
08:26 Watch Tower
08:27 Watch Tower
09:06 Watch Tower
09:07 Watch Tower
09:54 Watch Tower
10:05 Watch Tower
10:59 Watch Tower
11:09 Watch Tower
12:12 Watch Tower
12:12 Watch Tower
13:17 Watch Tower
13:25 Watch Tower
13:29 Watch Tower
13:30 Watch Tower
13:30 Watch Tower
14:24 Watch Tower
14:43 Watch Tower
15:36 Watch Tower
15:37 Watch Tower
15:40 Watch Tower
16:05 Watch Tower
16:07 Watch Tower
17:09 Watch Tower
17:09 Watch Tower
18:35 Watch Tower
18:35 Watch Tower
18:38 Watch Tower
18:39 Watch Tower
18:39 Watch Tower
18:43 Watch Tower
18:43 Watch Tower
18:44 Watch Tower
18:56 Watch Tower
19:17 Watch Tower
19:48 Voodoo Lounge
19:49 Voodoo Lounge
20:11 Watch Tower
20:12 Watch Tower
20:12 Watch Tower
20:13 Watch Tower
20:14 Watch Tower
52:59 Orc Burrow
53:09 Orc Burrow
53:11 Orc Burrow
53:57 War Mill
54:22 Barracks
54:25 Barracks
65:45 War Mill
65:48 War Mill
65:51 War Mill
65:53 War Mill
65:55 War Mill
102:35 Barracks
102:36 Barracks
102:38 Barracks
102:39 Barracks
102:42 Orc Burrow
102:46 Orc Burrow
102:49 Barracks
102:51 Barracks
103:21 Barracks
103:23 Barracks
» items
| Circlet of Nobility | 1 | |
| Staff of Teleportation | 1 | |
| Healing Salve | 3 | |
| Potion of Healing | 2 | |
| Orb of Lightning | 1 | |
| Lesser Clarity Potion | 6 | |
| Claws of Attack +6 | 1 | |
| Amulet of Spell Shield | 1 | |
| Ring of Protection +4 | 1 | |
| Claws of Attack +12 | 4 | |
| Warsong Battle Drums | 1 | |
| Khadgar's Pipe of Insight | 1 | |
| Khadgar's Gem of Health | 4 | |
| Staff of Sanctuary | 1 | |
| Boots of Speed | 1 | |
| Ancient Janggo of Endurance | 1 | |
| Pendant of Mana | 2 | |
32 total
yumyumjam (
blue | 84 APM | 9763 actions | 116:33)
6 Mountain King
3 Storm Bolt
2 Bash
1 Avatar
6 Paladin
3 Holy Light
3 Divine Shield
6 Archmage
3 Blizzard
3 Brilliance Aura
» actions
| Assign group hotkey | 642 | |
| Basic commands | 338 | |
| Build / train | 195 | |
| Enter build submenu | 153 | |
| Enter hero's abilities submenu | 18 | |
| Give item / drop item | 11 | |
| Remove unit from queue | 1 | |
| Right click | 4890 | |
| Select / deselect | 1254 | |
| Select group hotkey | 1525 | |
| Use ability | 736 | |
9763 total
» units
| Peasant | 26 | |
| Priest | 1 | |
| Goblin Shredder | 29 | |
| Goblin Zeppelin | 4 | |
60 total
» upgrades
| Masonry | 3 | |
| Lumber Harvesting | 2 | |
| Magic Sentry | 1 | |
| Priest Training | 1 | |
| Burning Oil | | |
7 total
» buildings
| Altar of Kings | 2 | |
| Farm | 13 | |
| Lumber Mill | 25 | |
| Scout Tower | 196 | |
| Arcane Tower | 8 | |
| Guard Tower | 73 | |
| Arcane Vault | 5 | |
| Keep | 1 | |
| Castle | 1 | |
| Arcane Sanctum | 1 | |
| Town Hall | 1 | |
326 total
» build order
00:03 Altar of Kings
00:18 Farm
00:33 Lumber Mill
00:41 Farm
00:49 Scout Tower
01:10 Scout Tower
01:18 Arcane Tower
01:27 Farm
01:44 Scout Tower
02:10 Scout Tower
02:11 Scout Tower
02:17 Guard Tower
02:18 Scout Tower
02:25 Scout Tower
02:26 Scout Tower
02:40 Arcane Tower
04:22 Guard Tower
04:23 Scout Tower
04:23 Scout Tower
04:32 Guard Tower
04:38 Guard Tower
04:44 Scout Tower
04:52 Guard Tower
04:55 Scout Tower
04:56 Scout Tower
04:57 Scout Tower
04:57 Scout Tower
05:04 Arcane Vault
05:13 Guard Tower
05:14 Scout Tower
05:15 Scout Tower
05:15 Scout Tower
05:18 Keep
05:41 Scout Tower
05:42 Scout Tower
05:42 Guard Tower
05:56 Guard Tower
06:39 Guard Tower
06:40 Scout Tower
06:50 Scout Tower
06:51 Scout Tower
06:53 Guard Tower
07:04 Guard Tower
07:09 Scout Tower
07:45 Guard Tower
08:41 Scout Tower
08:41 Scout Tower
08:43 Guard Tower
08:46 Scout Tower
08:47 Scout Tower
09:09 Scout Tower
09:10 Scout Tower
09:48 Guard Tower
09:50 Guard Tower
09:52 Scout Tower
09:53 Scout Tower
10:00 Scout Tower
10:09 Scout Tower
10:10 Guard Tower
10:11 Castle
10:21 Arcane Sanctum
11:12 Farm
11:14 Guard Tower
11:17 Scout Tower
11:18 Scout Tower
12:11 Scout Tower
12:13 Scout Tower
12:14 Scout Tower
12:37 Scout Tower
12:38 Scout Tower
12:43 Guard Tower
12:45 Scout Tower
12:46 Scout Tower
12:46 Scout Tower
12:47 Scout Tower
12:55 Arcane Vault
13:29 Guard Tower
13:32 Scout Tower
13:33 Scout Tower
13:34 Scout Tower
13:40 Guard Tower
13:43 Scout Tower
13:45 Scout Tower
13:46 Scout Tower
13:57 Guard Tower
13:59 Scout Tower
14:00 Scout Tower
15:19 Guard Tower
15:46 Guard Tower
15:49 Guard Tower
15:51 Scout Tower
15:52 Scout Tower
15:59 Scout Tower
15:59 Scout Tower
16:00 Scout Tower
16:01 Scout Tower
16:18 Town Hall
16:20 Guard Tower
16:24 Scout Tower
16:25 Scout Tower
16:26 Scout Tower
16:29 Scout Tower
16:30 Scout Tower
17:06 Scout Tower
17:07 Scout Tower
17:07 Scout Tower
17:08 Scout Tower
17:08 Scout Tower
17:09 Scout Tower
17:21 Guard Tower
17:22 Guard Tower
17:57 Scout Tower
18:15 Altar of Kings
18:22 Guard Tower
18:25 Scout Tower
18:26 Scout Tower
18:26 Scout Tower
18:26 Scout Tower
18:27 Scout Tower
18:28 Scout Tower
18:34 Scout Tower
18:35 Scout Tower
18:36 Scout Tower
18:36 Scout Tower
18:38 Scout Tower
18:39 Scout Tower
18:40 Scout Tower
18:41 Scout Tower
18:41 Scout Tower
18:42 Scout Tower
18:43 Scout Tower
18:43 Scout Tower
18:45 Scout Tower
18:47 Scout Tower
18:48 Scout Tower
18:48 Scout Tower
18:49 Scout Tower
18:56 Guard Tower
18:59 Guard Tower
19:09 Scout Tower
19:10 Scout Tower
19:10 Scout Tower
19:11 Scout Tower
19:12 Scout Tower
19:12 Scout Tower
19:15 Scout Tower
19:16 Scout Tower
19:33 Guard Tower
19:42 Guard Tower
19:42 Guard Tower
19:42 Guard Tower
19:51 Scout Tower
19:52 Scout Tower
19:52 Guard Tower
19:52 Guard Tower
20:08 Scout Tower
20:09 Scout Tower
20:24 Guard Tower
20:30 Scout Tower
20:40 Guard Tower
21:16 Guard Tower
21:19 Scout Tower
22:38 Guard Tower
23:14 Scout Tower
23:15 Scout Tower
23:15 Scout Tower
23:16 Scout Tower
23:17 Scout Tower
23:19 Scout Tower
23:19 Scout Tower
23:20 Scout Tower
23:31 Guard Tower
23:32 Scout Tower
24:05 Guard Tower
24:08 Scout Tower
24:09 Scout Tower
24:10 Scout Tower
24:40 Scout Tower
24:42 Scout Tower
24:43 Scout Tower
24:45 Scout Tower
24:46 Guard Tower
25:39 Guard Tower
25:41 Arcane Vault
25:54 Scout Tower
25:55 Scout Tower
25:56 Scout Tower
25:56 Scout Tower
25:57 Scout Tower
25:57 Scout Tower
26:03 Arcane Tower
26:10 Scout Tower
26:25 Arcane Tower
27:02 Scout Tower
27:03 Arcane Tower
27:14 Scout Tower
27:15 Scout Tower
27:16 Scout Tower
27:16 Scout Tower
27:17 Guard Tower
28:07 Arcane Tower
28:11 Arcane Vault
28:14 Guard Tower
29:35 Scout Tower
29:36 Scout Tower
29:37 Scout Tower
29:38 Guard Tower
29:44 Scout Tower
29:45 Scout Tower
29:54 Guard Tower
30:01 Scout Tower
30:01 Scout Tower
30:02 Scout Tower
30:03 Scout Tower
30:03 Scout Tower
30:05 Scout Tower
30:07 Scout Tower
30:22 Guard Tower
30:26 Guard Tower
30:26 Guard Tower
30:27 Guard Tower
30:39 Guard Tower
30:45 Arcane Tower
31:12 Guard Tower
31:14 Guard Tower
31:21 Scout Tower
31:22 Scout Tower
31:22 Scout Tower
31:23 Scout Tower
31:23 Scout Tower
31:24 Scout Tower
31:43 Guard Tower
31:47 Scout Tower
31:49 Scout Tower
31:50 Scout Tower
31:50 Scout Tower
32:41 Guard Tower
33:13 Guard Tower
35:36 Scout Tower
35:37 Scout Tower
35:37 Scout Tower
35:38 Scout Tower
35:39 Scout Tower
35:52 Scout Tower
35:54 Scout Tower
35:54 Scout Tower
37:50 Guard Tower
37:52 Scout Tower
37:52 Scout Tower
40:04 Guard Tower
40:38 Scout Tower
40:39 Scout Tower
40:39 Scout Tower
40:40 Scout Tower
40:41 Scout Tower
40:41 Scout Tower
40:42 Scout Tower
40:44 Scout Tower
40:44 Scout Tower
40:45 Scout Tower
40:45 Scout Tower
40:46 Scout Tower
40:46 Scout Tower
40:47 Scout Tower
40:48 Scout Tower
42:25 Arcane Tower
42:26 Guard Tower
42:29 Guard Tower
42:50 Guard Tower
43:17 Scout Tower
43:18 Scout Tower
43:19 Scout Tower
43:21 Guard Tower
43:22 Guard Tower
43:50 Guard Tower
45:03 Guard Tower
46:20 Scout Tower
46:21 Scout Tower
46:25 Scout Tower
46:26 Scout Tower
47:33 Guard Tower
47:37 Scout Tower
47:39 Arcane Vault
48:26 Guard Tower
48:36 Scout Tower
49:19 Guard Tower
50:34 Scout Tower
50:35 Scout Tower
50:35 Scout Tower
50:36 Scout Tower
53:35 Guard Tower
59:01 Farm
59:03 Farm
59:04 Farm
59:05 Farm
59:05 Farm
59:06 Farm
59:06 Farm
63:31 Farm
63:32 Farm
64:40 Lumber Mill
64:44 Lumber Mill
64:46 Lumber Mill
64:49 Lumber Mill
64:52 Lumber Mill
64:55 Lumber Mill
64:57 Lumber Mill
64:59 Lumber Mill
65:01 Lumber Mill
65:03 Lumber Mill
65:05 Lumber Mill
65:07 Lumber Mill
65:08 Lumber Mill
65:10 Lumber Mill
65:12 Lumber Mill
65:15 Lumber Mill
65:16 Lumber Mill
65:18 Lumber Mill
65:23 Lumber Mill
65:25 Lumber Mill
65:29 Lumber Mill
65:31 Lumber Mill
65:34 Lumber Mill
84:34 Lumber Mill
» items
| Scroll of Speed | 1 | |
| Healing Salve | 2 | |
| Lesser Clarity Potion | 6 | |
| Boots of Speed | 3 | |
| Staff of Teleportation | 3 | |
| Scroll of Regeneration | 2 | |
| Staff of Sanctuary | 2 | |
| Scroll of Town Portal | 1 | |
| Orb of Lightning | 3 | |
| Pendant of Mana | 1 | |
24 total
Chat log
(00:27 / All) 7rainyDays: hellooo
(00:36 / All) Sithsidius: hello mother
(00:38 / All) GoToYurup: y'all like star wars??
(00:41 / All) Sithsidius: hello father
(00:50 / All) Sithsidius: here i am camp granada
(00:57 / All) 7rainyDays: i love oyu
(01:00 / All) yumyumjam: ya'll nerds?
(01:06 / All) 7rainyDays: are you good?
(01:07 / All) 7rainyDays: im noob
(01:34 / All) 7rainyDays: my mates are real noobys
(01:45 / All) 7rainyDays: and you?
(02:45 / All) 7rainyDays: u suck
(04:49 / All) 7rainyDays: u win
(22:35 / All) 7rainyDays: what a noob tactic
(22:44 / All) yumyumjam: ^can't killa tower??
(23:12 / All) 7rainyDays: cant paly a normal gae?
(23:21 / All) yumyumjam: sure we can
(23:23 / All) yumyumjam: don't need to though
(23:26 / All) yumyumjam: Only need towers and heroes
(23:35 / All) yumyumjam: noobs too bad to beat it
(23:36 / All) Sithsidius: and riders
(24:52 / All) 7rainyDays: do u like wc3?
(24:59 / All) yumyumjam: yea
(25:10 / All) yumyumjam: we have a great time with it
(25:11 / All) 7rainyDays: do u like ass penetration?
(30:36 / All) yumyumjam: you enjoying this loss?
(30:49 / All) 7rainyDays: ur mum enjoyed my dick
(30:56 / All) Sithsidius: i am enjoing my cigarette
(31:11 / All) GoToYurup: good try noobscrooge
(36:30 / All) yumyumjam: this is a sweet game!!
(36:36 / All) 7rainyDays: you are so gay
(36:48 / All) yumyumjam: shame you guys have to get the short end of the stick
(36:50 / All) yumyumjam: and get angry
(37:38 / All) GoToYurup: poeace
(39:12 / All) yumyumjam: hmmm nopoe
(39:57 / All) yumyumjam: ya'll noobs?
(41:11 / All) 7rainyDays: AAHAHAHAHAHAHAHAH
(41:14 / All) 7rainyDays: AAAAAAAAAAAAAAAAAAHAHAHAHA
(41:28 / All) yumyumjam: What are ye doing
(41:32 / All) GoToYurup: peace nerds
(41:39 / All) yumyumjam: world peace
(42:03 / All) Sithsidius: the question is who are the nerds ;)
(42:20 / All) yumyumjam: the guys staying 40 minutes in a lost game they're not enjoying?
(42:21 / All) yumyumjam: could be
(42:27 / All) AngryAtTyler: who are the nerds. the cool calm quiet collected crew who are casually enjoying a game
(42:29 / All) Sithsidius: we have women and fun withouzt this game u too?
(42:32 / All) AngryAtTyler: or the guys staying in a game they already lost
(42:39 / All) yumyumjam: whatever it is
(42:44 / All) yumyumjam: It doesn't seem like a lot of fun
(42:48 / All) yumyumjam: because you're still here
(42:55 / All) Sithsidius: OH WE HAVE FUN .d
(43:12 / All) Sithsidius: cause i close this game and enjoy the real life
(43:13 / All) AngryAtTyler: fun with Dick in ASs
(43:25 / All) Sithsidius: and you are sucking your cokcs and goto bed :D
(43:27 / All) yumyumjam: hmmmm nope you're still here!
(43:32 / All) yumyumjam: still angry in a lost game
(43:42 / All) Sithsidius: u?
(43:48 / All) yumyumjam: having a ball mate
(43:56 / All) yumyumjam: killing this shop BOP BOP
(44:44 / All) yumyumjam: do you need gold?
(44:48 / All) Sithsidius: no
(44:51 / All) Sithsidius: you?
(44:52 / All) yumyumjam: you sure+
(44:57 / All) yumyumjam: I can give you some TPS
(44:58 / All) yumyumjam: you could sell
(45:00 / All) Sithsidius: i have 5k
(45:01 / All) yumyumjam: if you accept right now
(45:11 / All) yumyumjam: that's not a lot :(
(45:19 / All) yumyumjam: you'll need a lot more
(45:24 / All) yumyumjam: and this tank thing?
(45:29 / All) yumyumjam: it aint working out :(
(46:08 / All) yumyumjam: well that didn't amount to a whole lot
(46:14 / All) yumyumjam: time to go back to your girlfriends?
(46:22 / All) 7rainyDays: hahah fucking fraks
(46:52 / All) yumyumjam: you have too many peasants on gold!!
(47:14 / All) yumyumjam: this is how you kill a tower btw
(48:10 / All) yumyumjam: nope!
(49:12 / All) GoToYurup: so are you trying to win or just not lose
(49:25 / All) GoToYurup: because you can't do the first and here's a lil secret: you can't do the second either
(50:09 / All) yumyumjam: wowww
(50:14 / All) yumyumjam: this
(50:15 / All) yumyumjam: is
(50:17 / All) yumyumjam: Not working out :((
(50:46 / All) yumyumjam: well you killed 4 towers
(51:01 / All) yumyumjam: still need gold?
(51:20 / All) 7rainyDays: u are noob dont tink u are good fuckign napos
(51:51 / All) yumyumjam: do you realize I just beat u.. without making 1 combat unit
(51:57 / All) 7rainyDays: WOW!
(51:58 / All) yumyumjam: how bad do you have to be to lose to that...
(51:59 / All) 7rainyDays: 1
(52:45 / All) yumyumjam: yeah, we own
(52:46 / All) yumyumjam: sorry kid
(52:51 / All) yumyumjam: too many skills in this brain
(53:13 / All) 7rainyDays: do u have gold?
(53:13 / All) yumyumjam: revealing, bolting, dancing, making out with the cute girl
(53:17 / All) yumyumjam: Our team is the best at all...
(53:21 / All) AngryAtTyler: no
(53:22 / All) Sithsidius: haha^^
(53:26 / All) AngryAtTyler: stfu i no need godl
(63:16 / All) yumyumjam: ah, an easy win.. I made no units... my opponents were nooby nerds
(63:27 / All) Sithsidius: u are only blabbering :D
(63:34 / All) Sithsidius: if u are so skilled kil us
(63:39 / All) yumyumjam: I'm blabbering and winning
(63:40 / All) yumyumjam: two things
(63:57 / All) Sithsidius: you are a readhead right? :D
(64:07 / All) Sithsidius: an ugly readiiiiiiii
(64:12 / All) Sithsidius: hahahhahha
(72:45 / All) 7rainyDays: is it fun to play a game for like an hour?
(72:53 / All) AngryAtTyler: no
(72:56 / All) GoToYurup: yes. is it fun to lose a game for like an hour ?
(72:58 / All) AngryAtTyler: i like to play for many hour
(77:13 / All) yumyumjam: nerds???
(77:38 / All) Sithsidius: how do you explain a nerd?
(102:56 / All) yumyumjam: hey
(102:59 / All) yumyumjam: does anyone have lumber?
(103:08 / All) GoToYurup: congratulations on being a part of this momentous game
(103:16 / All) GoToYurup: we have defeated (6) Silverpine Forest.w3x !
(113:20 / All) yumyumjam: Killing towers... so easy
(113:27 / All) yumyumjam: when ure not a nerd
(115:56 / All) yumyumjam: thx for the easy win
(116:24 / All) GoToYurup: Thanks everyone for playing
(116:30 / All) GoToYurup: for those enjoyin the historic watching of this game